 Dungeon Crawl Stone Soup version 0.17-a0-1939-ga475588 (webtiles) character file.

1099 tp1 the Protected (level 8, -6/69 HPs)
             Began as a Gargoyle Berserker on Sept 29, 2015.
             Was a Priest of Trog.
             Killed by divine providence
             ... invoked by an orc priest
              (13 damage)
             ... on level 6 of the Dungeon.
             The game lasted 00:20:09 (3077 turns).

tp1 the Protected (Gargoyle Berserker)              Turns: 3077, Time: 00:20:18

Health: -6/69      AC: 13    Str: 27    XL:     8   Next: 32%
Magic:  8/8        EV: 10    Int:  9    God:    Trog [***...]
Gold:   203        SH:  0    Dex:  9    Spells: 0 memorised, 7 levels left

rFire  . . .     SeeInvis .     p - +0 hand axe
rCold  . . .     Clarity  .     B - +0 scale mail
rNeg   + . .     SustAt   .     (no shield)
rPois  ∞         Gourm    .     (no helmet)
rElec  +         Spirit   .     (no cloak)
rCorr  .         Warding  .     (no gloves)
rMut   .         Stasis   .     (no boots)
MR     ++...                    (no amulet)
Stlth  ..........               (no ring)
                                (no ring)

@: berserking, regenerating, very quick, very resistant to hostile enchantments,
extremely unstealthy
A: negative energy resistance 1, electricity resistance, unbreathing,
petrification resistance, rot immunity, AC +5
a: Burn Spellbooks, Berserk, Trog's Hand, Renounce Religion


You were on level 6 of the Dungeon.
You worshipped Trog.
Trog was most pleased with you.
You were not hungry.

You visited 1 branch of the dungeon, and saw 6 of its levels.

You collected 203 gold pieces.

Inventory:

Hand weapons
 a - a +0 hand axe
 p - a +0 hand axe (weapon)
Armour
 b - a +0 animal skin
 q - a +0 ring mail (quivered)
 B - a +0 scale mail (worn)
Jewellery
 y - a cursed ring of loudness {unknown}
 C - an uncursed ring of stealth {unknown}
 I - a cursed ring of teleportation {unknown}
 J - a cursed ring of teleportation {unknown}
Magical devices
 g - a wand of magic darts (19)
 w - a wand of random effects (27)
Scrolls
 d - a scroll of immolation
 h - a scroll of fear {unknown}
 j - 4 scrolls of remove curse
 l - a scroll of teleportation {unknown}
 n - a scroll of enchant armour {unknown}
 o - a scroll of random uselessness {unknown}
 s - a scroll of noise {unknown}
 x - a scroll of enchant weapon {unknown}
 F - a scroll of amnesia {unknown}
 L - a scroll of identify
Potions
 e - a potion of invisibility
 i - 2 potions of degeneration
 k - 3 potions of resistance
 m - 3 potions of curing
 r - a potion of ambrosia {unknown}
 t - 3 potions of agility
 u - 2 potions of flight {unknown}
 v - a potion of might {unknown}
 z - a potion of lignification {unknown}
 A - a potion of poison {unknown}
 D - a potion of heal wounds {unknown}
 E - 2 potions of brilliance {unknown}
 K - a potion of berserk rage {unknown}
Books
 G - the Papyrus of Floating Conjuration
   (You found it on level 5 of the Dungeon)

   Spells                             Type                      Level
   a - Shock                          Conjuration/Air              1
   b - Mephitic Cloud                 Conjuration/Poison/Air       3
   c - Airstrike                      Air                          4
   d - Bolt of Cold                   Conjuration/Ice              6
   Trog disapproves of the use of such an item.
Comestibles
 c - 2 bread rations
 f - a slice of pizza
 H - a meat ration


   Skills:
 - Level 3.2 Fighting
 * Level 4.8 Axes
 + Level 9.5 Armour
 - Level 1.5 Dodging


You had 7 spell levels left.
You didn't know any spells.

Dungeon Overview and Level Annotations

Branches:
Dungeon (6/15)
 Temple: D:4-7

Altars:
Elyvilon
Kikubaaqudgha
Makhleb
Okawaru
Vehumet
Xom


Innate Abilities, Weirdness & Mutations

You are resistant to torment.
Your stone body is resilient (AC +5).
You are immune to poison.
You resist negative energy.
You are resistant to electric shocks.
You can survive without breathing.
You are immune to petrification.
You are immune to rotting.


Message History

The orc wizard is moderately wounded.
The orc wizard points at you and mumbles some strange words.
The magic dart hits you!
* * * LOW HITPOINT WARNING * * *
The orc warrior closely misses you.
The orc wizard hits you but does no damage.
You barely miss the orc warrior.
The orc warrior is heavily wounded.
You barely miss the orc wizard.
The orc wizard is moderately wounded.
The orc wizard barely misses you.
The orc warrior hits you with an enchanted long sword!
* * * LOW HITPOINT WARNING * * *
You barely miss the orc warrior.
The orc warrior is heavily wounded.
Your scale mail prevents you from hitting the orc wizard.
The orc wizard is moderately wounded.
The orc priest mumbles some strange prayers to Beogh against you.
Something smites you!
You die...

...####.#.#.###.
..............#.
#..........<###.
##.########## #. #.# #.
#.# #. # #.# #.
....######.############.
#..oo{o@o.....).........
#.########.#############
###


You could see an orc warrior, an orc priest and 2 orc wizards.

Vanquished Creatures
  A water moccasin (D:6)
  A black bear (D:6)
  2 ogres
  A centaur (D:6)
  Blork the orc (D:4)
  2 giant frogs (D:6)
  2 vampire bats (D:3)
  A crimson imp (D:3)
  A hound (D:4)
  An orc priest (D:3)
  3 worker ants
  A worker ant zombie (D:5)
  3 gnolls (D:4)
  8 adders
  An ooze (D:3)
  An adder zombie (D:5)
  A worm (D:2)
  6 orcs
  A ball python (D:3)
  5 bats
  2 bat skeletons (D:3)
  3 bat zombies (D:3)
  9 goblins
  6 hobgoblins
  8 kobolds
  3 quokkas
  3 giant cockroaches
  4 giant newts
  A quokka skeleton (D:6)
  7 rats
89 creatures vanquished.

Notes
Turn   | Place    | Note
--------------------------------------------------------------
     0 | D:1      | tp1 the Gargoyle Berserker began the quest for the Orb.
     0 | D:1      | Reached XP level 1. HP: 14/14 MP: 1/1
   254 | D:1      | Reached XP level 2. HP: 19/19 MP: 2/2
   562 | D:2      | Reached XP level 3. HP: 23/23 MP: 3/3
   624 | D:2      | Acquired Trog's second power
   681 | D:2      | Reached skill level 4 in Armour
   854 | D:2      | Reached XP level 4. HP: 21/28 MP: 4/4
  1076 | D:3      | Reached skill level 5 in Armour
  1357 | D:3      | Found an iron altar of Okawaru.
  1374 | D:3      | Reached XP level 5. HP: 32/32 MP: 5/5
  1450 | D:3      | Found a burning altar of Makhleb.
  1451 | D:3      | Found a radiant altar of Vehumet.
  1598 | D:3      | Reached skill level 6 in Armour
  1632 | D:3      | Found a shimmering altar of Xom.
  1694 | D:3      | Found an ancient bone altar of Kikubaaqudgha.
  1711 | D:3      | Reached XP level 6. HP: 34/37 MP: 6/6
  1719 | D:3      | Reached skill level 7 in Armour
  2115 | D:4      | Noticed Blork the orc
  2127 | D:4      | Killed Blork the orc
  2163 | D:4      | Reached skill level 8 in Armour
  2163 | D:4      | Reached XP level 7. HP: 12/41 MP: 7/7
  2547 | D:5      | Entered Level 5 of the Dungeon
  2612 | D:5      | Identified the Papyrus of Floating Conjuration (You found it on level 5 of the Dungeon)
  2673 | D:5      | You fall through a shaft!
  2740 | D:6      | Reached skill level 9 in Armour
  2747 | D:6      | Reached XP level 8. HP: 46/46 MP: 8/8
  2898 | D:6      | Found a white marble altar of Elyvilon.
  3077 | D:6      | Killed from afar by an orc priest

Vault maps used:
D:1:      elethiomel_arrival_infinity_welcomes_careful_drivers
D:2:      first_bread
D:3:      grunt_temple_overflow_lords_of_destruction, xom_butterflies,
          overflow_temple_1_default, kennysheep_vampire_church, serial_forest,
          infiniplex_forest_clump_small, infiniplex_forest_straight_2,
          infiniplex_forest_clump_curved, infiniplex_forest_clump_small,
          infiniplex_forest_corner_1
D:4:      uniq_blork_the_orc
D:5:      lemuel_coloured_pillars_altar
D:6:      nicolae_overflow_hidden_temple, minmay_temple_entry_nine_rooms,
          gup_sewer_entry_pipe, minivault_11, bloody_trog, uniq_pikel,
          uniq_grinder

Action                   |  1- 3 |  4- 6 |  7- 9 || total
-------------------------+-------+-------+-------++-------
Melee: Hand axe          |    87 |   169 |   107 ||   363
Invok: Berserk           |     1 |     3 |     3 ||     7
       Trog's Hand       |       |     3 |     3 ||     6
  Use: Scroll            |       |     6 |       ||     6
       Potion            |       |     1 |       ||     1
  Eat: Chunk             |     1 |     2 |     6 ||     9
       Bread ration      |       |     1 |     1 ||     2
